 Dungeon Crawl Stone Soup version 0.17-a0-1515-gfae3d72 (webtiles) character file.

991 Promi the Scholar of Death (level 7, 0/55 HPs)
             Began as a Deep Dwarf Necromancer on July 12, 2015.
             Was a Follower of Kikubaaqudgha.
             Slain by a wyvern zombie (2 damage)
             ... on level 8 of the Dungeon.
             The game lasted 01:49:30 (7686 turns).

Promi the Scholar of Death (Deep Dwarf Necromancer) Turns: 7686, Time: 01:49:30

Health: 0/55       AC:  2    Str: 12    XL:     7   Next: 98%
Magic:  3/12       EV: 14    Int: 17    God:    Kikubaaqudgha [*.....]
Gold:   372        SH:  0    Dex: 13    Spells: 6 memorised, 1 level left

rFire  . . .     SeeInvis .     w - +5 mace (drain)
rCold  . . .     Clarity  .     a - +0 robe
rNeg   . . .     SustAt   .     (no shield)
rPois  .         Gourm    .     (no helmet)
rElec  .         Spirit   .     (no cloak)
rCorr  +         Warding  .     (no gloves)
rMut   .         Stasis   .     (no boots)
MR     +....                    l - amulet of resist corrosion
Stlth  ++++......               o - ring of stealth
                                e - ring of stealth

@: non-regenerating, somewhat resistant to hostile enchantments, stealthy
A: damage resistance, recharge devices, sense surroundings 1, slow healing 3
a: Device Recharging, Receive Corpses, Renounce Religion


You were on level 8 of the Dungeon.
You worshipped Kikubaaqudgha.
Kikubaaqudgha was aware of your devotion.
You were not hungry.

You visited 2 branches of the dungeon, and saw 9 of its levels.

You collected 372 gold pieces.

Inventory:

Hand weapons
 w - a +5 mace of draining (weapon)
Armour
 a - a +0 robe (worn)
Jewellery
 e - a ring of stealth (left hand)
 g - an uncursed ring of positive energy
 l - an amulet of resist corrosion (around neck)
 m - an uncursed ring of flight
 o - a ring of stealth (right hand)
 p - an uncursed ring of protection from cold
 q - a +4 ring of strength
Magical devices
 c - a wand of heal wounds (0)
 x - a wand of fireball (8)
 z - a wand of digging (13)
Scrolls
 j - 5 scrolls of identify
 r - 2 scrolls of remove curse
 y - a scroll of enchant armour {unknown}
Potions
 i - 2 potions of cure mutation
 n - 2 potions of might
 t - a potion of curing
 v - a potion of flight {unknown}
Books
 b - a book of Necromancy

   Spells                             Type                      Level
   a - Pain                           Necromancy                   1
   b - Animate Skeleton               Necromancy                   1
   c - Vampiric Draining              Necromancy                   3
   d - Regeneration                   Charms/Necromancy            3
   e - Animate Dead                   Necromancy                   4
   f - Control Undead                 Necromancy                   4
 h - a book of Frost

   Spells                             Type                      Level
   a - Freeze                         Ice                          1
   b - Throw Frost                    Conjuration/Ice              2
   c - Ozocubu's Armour               Charms/Ice                   3
   d - Throw Icicle                   Conjuration/Ice              4
   e - Summon Ice Beast               Ice/Summoning                4
   f - Condensation Shield            Ice                          4
 u - Kikubaaqudgha's Incunabulum of Black Rituals
   (Kikubaaqudgha gifted it to you on level 6 of the Dungeon)

   Spells                             Type                      Level
   a - Pain                           Necromancy                   1
   b - Corpse Rot                     Necromancy                   2
   c - Sublimation of Blood           Necromancy                   2
   d - Vampiric Draining              Necromancy                   3
   e - Control Undead                 Necromancy                   4
Comestibles
 d - 2 bread rations
 k - a slice of pizza
 s - a meat ration


   Skills:
 + Level 4.8 Dodging
 - Level 2.7 Stealth
 - Level 4.5 Spellcasting
 - Level 7.6 Necromancy
 * Level 2.4 Ice Magic


You had one spell level left.
You knew the following spells:

 Your Spells              Type           Power        Failure   Level  Hunger
a - Pain                  Necr           ####         1%          1    None
b - Animate Skeleton      Necr           N/A          1%          1    None
c - Vampiric Draining     Necr           ####......   1%          3    ###....
d - Animate Dead          Necr           N/A          10%         4    ####...
e - Control Undead        Necr           ####......   10%         4    ####...
f - Freeze                Ice            ##..         6%          1    None


Dungeon Overview and Level Annotations

Branches:
Dungeon (8/15)             Temple (1/1) D:4
   Lair: D:8-11

Altars:
Ashenzari
Cheibriados
Dithmenos
Elyvilon
Fedhas
Gozag
Kikubaaqudgha
Makhleb
Nemelex Xobeh
Okawaru
Qazlal
Ru
Sif Muna
Trog
Vehumet
Zin
The Shining One


Innate Abilities, Weirdness & Mutations

You are resistant to damage.
You can recharge devices by infusing magical energy.
You passively map a small area around you.
You do not heal naturally.


Message History

The wyvern zombie barely misses you.
Things that are here:
a shortbow; 12 arrows of flame The wyvern zombie bites you. x2
* * * LOW HITPOINT WARNING * * *
The wyvern zombie bites you.
* * * LOW HITPOINT WARNING * * *
The wyvern zombie bites you!
* * * LOW HITPOINT WARNING * * *
There's nothing to close nearby.
Evoke which item? (* to show all) (? for menu, Esc to quit)
Okay, then.
Drink which item? (? for menu, Esc to quit)
Okay, then.
The wyvern zombie bites you. The wyvern zombie bites you.
The wyvern zombie misses you. The wyvern zombie bites you.
You die...
Kikubaaqudgha rasps: "You have failed me!
Welcome... death!"

# #......###########.##
#.##.#.#### #... #......### ##..
####.###.## #.# #......# #..
#######.##############.
#...............##.....
#.##.#.Z##......##...$.
#.##.#@)##......##....)
#.##....##......##.....
#.##.#.###..>...##.....
#.##.#.###......##.....
#..........##.#.##.....
####.#.###.##.#.#####?# ######
##..........#.#####.
.....########....###.##......##.
#.......................#.##.##.*


You could see a wyvern zombie.

Vanquished Creatures
  2 centaurs (D:8)
  An ogre (D:4)
  3 killer bees
  An orc priest (D:3)
  A crimson imp (D:6)
  A hound (D:5)
  3 orc wizards
  An iguana (D:3)
  5 worker ants
  8 gnolls
  6 adders
  An ooze (D:1)
  3 worms
  A giant gecko (D:2)
  26 orcs
  14 bats
  6 hobgoblins
  12 jackals
  A ball python (D:4)
  4 giant cockroaches
  7 giant newts
  16 goblins
  16 kobolds
  5 quokkas
  8 rats
152 creatures vanquished.

Vanquished Creatures (collateral kills)
  A crimson imp (D:6)
  A hound zombie (D:8)
  10 orcs
  A bat skeleton (D:4)
  A hobgoblin (D:3)
  A kobold (D:5)
15 creatures vanquished.

Grand Total: 167 creatures vanquished

Notes
Turn   | Place    | Note
--------------------------------------------------------------
     0 | D:1      | Promi the Deep Dwarf Necromancer began the quest for the Orb.
     0 | D:1      | Reached XP level 1. HP: 15/15 MP: 3/3
   176 | D:1      | Reached XP level 2. HP: 22/22 MP: 0/4
   436 | D:1      | Reached skill level 5 in Necromancy
   842 | D:2      | Learned a level 1 spell: Animate Skeleton
   850 | D:2      | Reached XP level 3. HP: 26/28 MP: 3/6
   864 | D:2      | Learned a level 3 spell: Vampiric Draining
  1608 | D:2      | Found a sacrificial altar of Ru.
  1884 | D:3      | Reached XP level 4. HP: 36/36 MP: 3/7
  2585 | D:3      | Reached XP level 5. HP: 22/42 MP: 0/9
  3019 | D:3      | Learned a level 4 spell: Animate Dead
  3558 | D:3      | Reached skill level 6 in Necromancy
  3702 | D:4      | Noticed an orc warrior
  3801 | D:4      | Found a shadowy altar of Dithmenos.
  3808 | D:4      | Found a bloodstained altar of Trog.
  3808 | D:4      | Found a white marble altar of Elyvilon.
  3808 | D:4      | Found an iron altar of Okawaru.
  3809 | D:4      | Found a glowing golden altar of the Shining One.
  4048 | D:4      | Found a staircase to the Ecumenical Temple.
  4053 | Temple   | Entered the Ecumenical Temple
  4110 | Temple   | Became a worshipper of Kikubaaqudgha
  4157 | D:4      | Reached XP level 6. HP: 46/49 MP: 5/11
  4718 | D:5      | Entered Level 5 of the Dungeon
  4922 | D:5      | Reached skill level 7 in Necromancy
  4963 | D:5      | Found an opulent altar of Gozag.
  5096 | D:5      | Reached XP level 7. HP: 40/55 MP: 0/13
  5103 | D:5      | Learned a level 4 spell: Control Undead
  6101 | D:6      | Acquired Kikubaaqudgha's first power
  6101 | D:6      | Received a gift from Kikubaaqudgha
  6102 | D:6      | Identified Kikubaaqudgha's Incunabulum of Black Rituals (Kikubaaqudgha gifted it to you on level 6 of the Dungeon)
  6106 | D:6      | Found a deep blue altar of Sif Muna.
  6237 | D:6      | Learned a level 1 spell: Freeze
  6424 | D:6      | Reached skill level 1 in Ice Magic
  6809 | D:6      | Found a sparkling altar of Nemelex Xobeh.
  7673 | D:8      | HP: 2/55 [wyvern zombie (10)]
  7686 | D:8      | Slain by a wyvern zombie

Vault maps used:
D:1:      dpeg_chamrin_arrival_tetris, minmay_tree_intersection
D:2:      lemuel_doored_altar, first_bread, serial_forest,
          infiniplex_forest_clump_large, infiniplex_forest_lined_3,
          infiniplex_forest_clump_tiny, infiniplex_forest_clump_diagonal,
          infiniplex_forest_clump_small
D:4:      yredelemnul_forgotten_temple_becter, minitemple
D:5:      nicolae_gozag_cash_rules_everything_around_me
D:6:      old_forge, nemelex_deck, tgw_sif
D:8:      uniq_pikel
Temple:   zaba_magenta_temple_8

Action                   |  1- 3 |  4- 6 |  7- 9 || total
-------------------------+-------+-------+-------++-------
Melee: Unarmed           |    10 |       |       ||    10
       Mace              |       |    26 |    13 ||    39
Throw: Tomahawk          |     2 |     2 |       ||     4
 Cast: Pain              |    83 |   135 |    62 ||   280
       Vampiric Draining |     5 |    19 |    15 ||    39
       Animate Skeleton  |     5 |     7 |     1 ||    13
       Animate Dead      |       |    12 |    12 ||    24
       Freeze            |       |       |    10 ||    10
       Control Undead    |       |       |     4 ||     4
 Abil: Device Recharging |       |       |     1 ||     1
Evoke: Wand              |     1 |     4 |     4 ||     9
  Use: Potion            |       |     7 |     2 ||     9
       Scroll            |       |    11 |     5 ||    16
  Eat: Chunk             |     5 |     8 |     3 ||    16
       Bread ration      |       |     1 |     2 ||     3
       Beef jerky        |       |     1 |     1 ||     2
